 Dungeon Crawl Stone Soup version 0.23.2-33-g5129a83184 (webtiles) character file.

Game seed: 17064415407160442555

172 psyvane the Gusty (level 5, -7/28 HPs)
             Began as a Tengu Air Elementalist on June 30, 2019.
             Mangled by an ogre
             ... wielding a cursed -1 giant club
              (13 damage)
             ... on level 3 of the Dungeon.
             The game lasted 00:17:45 (3298 turns).

psyvane the Gusty (Tengu Air Elementalist)          Turns: 3298, Time: 00:17:46

Health: -7/28      AC:  3    Str:  8    XL:     5   Next: 52%
Magic:  2/10       EV: 13    Int: 16    God:
Gold:   66         SH:  0    Dex: 15    Spells: 0/10 levels left

rFire    . . .     SeeInvis .   h - +0 short sword
rCold    . . .     Gourm    .   (no shield)
rNeg     . . .     Faith    .   a - +0 robe
rPois    .         Spirit   .   (helmet restricted)
rElec    .         Reflect  .   f - +0 cloak
rCorr    .         Harm     .   (no gloves)
MR       .....                  (boots unavailable)
Stlth    ++........             (no amulet)
HPRegen  0.09/turn              (no ring)
MPRegen  0.12/turn              (no ring)

@: lethally poisoned (-7 -> -10), swift (expiring), very slightly contaminated,
invisible, very quick
A: beak, talons 3, able to fly
a: Fly


You were on level 3 of the Dungeon.
You were hungry.

You visited 1 branch of the dungeon, and saw 4 of its levels.

You collected 66 gold pieces.

Inventory:

Hand Weapons
 h - a +0 short sword (weapon)
Armour
 a - a +0 robe (worn)
 f - a +0 cloak (worn)
Scrolls
 d - a scroll of identify {unknown}
 i - a scroll of amnesia
 j - 2 scrolls of fear {unknown}
 k - 2 scrolls of noise {unknown}
 l - a scroll of teleportation {unknown}
 n - a scroll of enchant weapon {unknown}
Potions
 b - a potion of invisibility
 e - a potion of lignification {unknown}
 g - a potion of curing {unknown}
 m - 2 potions of agility {unknown}
 p - a potion of might {unknown}
Comestibles
 c - 2 rations


   Skills:
 - Level 2.1 Dodging
 * Level 2.6 Stealth
 * Level 3.2 Spellcasting
 - Level 1.3 Conjurations
 * Level 6.6 Air Magic


You couldn't memorise any spells.
You knew the following spells:

 Your Spells              Type           Power        Failure   Level  Hunger
a - Shock                 Conj/Air       ###.         3%          1    None
b - Swiftness             Chrm/Air       ##......     7%          2    ##.....
c - Static Discharge      Conj/Air       ###.....     11%         3    ###....
d - Airstrike             Air            ###.......   12%         4    ####...

Your spell library contained the following spells:

 Spells                   Type           Power        Failure   Level  Hunger
 Lightning Bolt           Conj/Air       ###.......   69%         5    ######.


Dungeon Overview and Level Annotations

Branches:
Dungeon (4/15)
 Temple: D:4-7

Altars:

Annotations:
D:2 Sigmund


Innate Abilities, Weirdness & Mutations

You have a beak for a mouth.
You have claws for feet.
You can fly continuously.


Message History

Casting: Swiftness (safe; 7% risk of failure)
Confirm with . or Enter, or press ? or * to list all spells.
You don't have enough magic to cast that spell.
It was a potion of invisibility.
You fade into invisibility!
The worker ant bites you but does no damage.
You feel sick.
You feel sick.
The worker ant twitches its antennae in your direction.
A gnoll comes into view.
It is wielding a +0 halberd. 2 gnolls come into view.
You feel sick.
You feel sick.
You start to feel a little slower.
You feel sick.
There is a stone staircase leading up here.
You feel sick.
You climb upwards.
The ogre hits you with a cursed -1 giant club!
You die...

######### ########
...#....######......#
..<....)).)..#......#
..)...#.####........#
................@O..#
.#....#.#####.......#
♣####...# #.(#'####
♣...#.### ##.#.#
♣.#.#.# #.#.# ..#.#.#
#...# ..#...# ##..#
.###### #..# .# ##.#


You could see an ogre.

Vanquished Creatures
  An orc priest (D:3)
  Terence (D:3)
  An adder (D:2)
  2 oozes
  4 worms
  6 dart slugs
  2 leopard geckos
  5 orcs (D:3)
  2 giant cockroaches (D:1)
  6 goblins
  10 hobgoblins
  5 jackals (D:2)
  A quokka (D:3)
  2 ball pythons
  5 bats
  3 frilled lizards
  9 kobolds
  5 rats
70 creatures vanquished.

Notes
Turn   | Place    | Note
-------+----------+-------------------------------------------
     0 | D:1      | psyvane the Tengu Air Elementalist began the quest for the
                  | Orb.
     0 | D:1      | Reached XP level 1. HP: 10/10 MP: 4/4
   313 | D:1      | Reached XP level 2. HP: 6/15 MP: 0/6
   508 | D:1      | Learned a level 2 spell: Swiftness
   612 | D:1      | Reached skill level 5 in Air Magic
   810 | D:1      | Reached XP level 3. HP: 19/19 MP: 3/7
   815 | D:1      | Learned a level 3 spell: Static Discharge
  1696 | D:2      | Reached XP level 4. HP: 24/24 MP: 0/8
  1792 | D:2      | Reached skill level 6 in Air Magic
  2192 | D:2      | Noticed Sigmund
  2590 | D:3      | Gained mutation: You can fly continuously. [Tengu growth]
  2590 | D:3      | Reached XP level 5. HP: 15/28 MP: 0/10
  3103 | D:3      | Learned a level 4 spell: Airstrike
  3179 | D:3      | Noticed Terence
  3183 | D:3      | Killed Terence
  3184 | D:3      | Noticed an ogre
  3298 | D:3      | Mangled by an ogre

Skill      XL: |  1  2  3  4  5 |
---------------+----------------+-----
Air Magic      | 5 6 |  6.6
Spellcasting   | 3 |  3.2
Dodging        | |  2.1
Stealth        | |  2.6
Conjurations   | |  1.3

Action                   |  1- 3 |  4- 6 || total
-------------------------+-------+-------++-------
Melee: Unarmed           |     7 |       ||     7
       Peck              |     3 |     2 ||     5
       Kick              |     2 |     3 ||     5
       Short sword       |     3 |    11 ||    14
 Cast: Shock             |    91 |    79 ||   170
       Swiftness         |       |     3 ||     3
       Airstrike         |       |     2 ||     2
  Use: Scroll            |       |     1 ||     1
       Potion            |       |     1 ||     1
  Eat: Chunk             |     4 |     5 ||     9
Armor: Robe              |     3 |     3 ||     6
Dodge: Dodged            |    19 |    20 ||    39
